 Dungeon Crawl Stone Soup version 0.31-a0-977-gc230f8ef24 (webtiles) character file.

Game seed: 286260760678476170

196 Dordric the Changeling (level 5, -12/33 HPs)
             Began as an Octopode Shapeshifter on Oct 30, 2023.
             Was an Initiate of Wu Jian.
             Mangled by Edmund
             ... wielding a +5 flail of protection
              (15 damage)
             ... on level 4 of the Dungeon.
             The game lasted 00:02:52 (2973 turns).

Dordric the Changeling (Octopode Shapeshifter)      Turns: 2973, Time: 00:02:52

Health: -12/33     AC:  1    Str: 14    XL:     5   Next: 74%
Magic:  5/5        EV: 13    Int: 12    God:    Wu Jian [......]
Gold:   162        SH:  0    Dex: 13    Spells: 4/4 levels left

rFire   . .          .
                       - Unarmed
rCold   . . .        (no shield)
rNeg    . . .        (helmet currently unavailable)
rPois   .            (no amulet)
rElec   .            (no ring)
rCorr   .            (no ring)
SInv    .            (no ring)
Will    .....        (no ring)
Stlth   ++           (no ring)
HPRegen 0.25/turn    (no ring)
MPRegen 0.09/turn    (no ring)
                     (no ring)

%: no passive effects
@: beast-form
A: beast (slay +3), almost no armour, amphibious, 8 rings, camouflage 1,
gelatinous body 1, (nimble swimmer 1), tentacles
a: Begin Untransformation, Renounce Religion


You were on level 4 of the Dungeon.
You worshipped Wu Jian.
Wu Jian was noncommittal.
You were a hulking beast.
You visited 1 branch of the dungeon, and saw 4 of its levels.

You collected 162 gold pieces.

Inventory:

Jewellery
 o - a ring of positive energy
Talismans
 b - a beast talisman
 c - a flux talisman
Scrolls
 e - a scroll of blinking
 m - a scroll of summoning {unknown}
 n - a scroll of brand weapon {unknown}
 p - a scroll of amnesia {unknown}
 q - a scroll of identify
 r - a scroll of teleportation {unknown}
Potions
 a - a potion of lignification
 d - a potion of curing {unknown}
 f - 2 potions of brilliance
 g - a potion of invisibility {unknown}
 h - 2 potions of mutation {unknown}
 i - a potion of degeneration {unknown}
 j - a potion of attraction {unknown}
 k - a potion of ambrosia {unknown}
 l - 2 potions of cancellation {unknown}


   Skills:
 - Level 1.0 Fighting
 - Level 2.0 Dodging
 - Level 3.0 Unarmed Combat
 + Level 5.8 Shapeshifting


You had 4 spell levels left.
You didn't know any spells.
Your spell library contained the following spells:

 Spells                   Type           Power      Damage    Failure   Level
 Freeze                   Ice            0%         1d3       32%         1
 Sublimation of Blood     Necr           0%         N/A       45%         2
 Wereblood                Tmut           0%         N/A       45%         2
 Frozen Ramparts          Ice            0%         1d1       69%         3
 Hailstorm                Conj/Ice       0%         3d3       69%         3
 Ozocubu's Armour         Ice            0%         N/A       69%         3
 Animate Dead             Necr           0%         N/A       97%         4
 Metabolic Englaciation   Hex/Ice        0%         N/A       100%        5
 Simulacrum               Ice/Necr       0%         N/A       100%        6
 Haunt                    Necr/Summ      0%         N/A       100%        7
 Summon Hydra             Summ           0%         N/A       100%        7
 Infestation              Necr           0%         N/A       100%        8


Dungeon Overview and Level Annotations

Branches:
Dungeon (4/15)
 Temple: D:4-7

Altars:
Ashenzari
Elyvilon
Gozag
Qazlal
Wu Jian

Annotations:
D:4 Edmund


Innate Abilities, Weirdness & Mutations

You are a hulking beast.
Your limbs bulge with bestial killing power. (Slay +3)
You cannot wear most types of armour.
You are amphibious.
You can wear up to eight rings at the same time.
Your skin changes colour to match your surroundings (Stealth+).
Your rubbery body absorbs attacks. (AC +1, EV +1)
((You are camouflaged when in or above water. (Stealth+)))
You have tentacles for arms and can constrict up to eight enemies at once.


Message History

You constrict Edmund, but do no damage.
Edmund hits you with a +5 flail of protection!
* * * LOW HITPOINT WARNING * * *
You are too injured to fight recklessly!
You tentacle-slap Edmund but do no damage.
You constrict Edmund, but do no damage. Edmund closely misses you.
You tentacle-slap Edmund but do no damage.
You constrict Edmund, but do no damage.
Edmund hits you with a +5 flail of protection.
* * * LOW HITPOINT WARNING * * *
You completely miss Edmund. You constrict Edmund, but do no damage.
Edmund misses you.
You tentacle-slap Edmund.
Edmund is lightly wounded.
You constrict Edmund, but do no damage. Edmund misses you.
You tentacle-slap Edmund but do no damage.
Edmund is lightly wounded.
You constrict Edmund, but do no damage. Edmund completely misses you.
You tentacle-slap Edmund. You squeeze Edmund!
Edmund is moderately wounded.
You constrict Edmund.
You tentacle-slap Edmund but do no damage.
You squeeze Edmund.
Edmund is heavily wounded.
You constrict Edmund. Edmund barely misses you.
You tentacle-slap Edmund. You squeeze Edmund.
Edmund is severely wounded.
You constrict Edmund, but do no damage. Edmund barely misses you.
You tentacle-slap Edmund but do no damage.
Edmund is severely wounded.
You constrict Edmund. Edmund completely misses you.
You tentacle-slap Edmund but do no damage.
Edmund is severely wounded.
You constrict Edmund. Edmund misses you.
You tentacle-slap Edmund but do no damage.
Edmund is severely wounded.
You constrict Edmund.
Edmund hits you with a +5 flail of protection!
You die...
Edmund says, "That'll show my brother!"

.# .# .# .#
.# .#
###.######
#.h†......
#.@.######
#...#
.......
........#
.........#
..##...####
... ....#
##. #...#


You could see Edmund.

Vanquished Creatures
  A hound (D:3)
  Crazy Yiuf (D:3)
  Natasha (D:1)
  2 adders (D:2)
  An adder zombie (D:2)
  4 worms
  4 orcs (D:3)
  6 bats
  A bat skeleton (D:2)
  8 endoplasms
  3 giant cockroaches
  A goblin (D:1)
  6 hobgoblins
  4 jackals (D:2)
  4 quokkas
  9 ball pythons
  A ball python skeleton (D:2)
  A bat simulacrum (D:2)
  3 frilled lizards
  A giant cockroach zombie (D:2)
  9 kobolds
  A quokka zombie (D:2)
72 creatures vanquished.

Notes
Turn   | Place    | Note
-------+----------+-------------------------------------------
     0 | D:1      | Dordric the Octopode Shapeshifter began the quest for the
                  | Orb.
     0 | D:1      | Reached XP level 1. HP: 13/13 MP: 1/1
   131 | D:1      | Reached XP level 2. HP: 16/18 MP: 2/2
   557 | D:2      | Found an opulent altar of Gozag.
   564 | D:1      | Reached XP level 3. HP: 22/23 MP: 3/3
   678 | D:2      | Reached skill level 4 in Shapeshifting
   926 | D:2      | Reached XP level 4. HP: 23/28 MP: 4/4
   947 | D:2      | Noticed Natasha
  1055 | D:1      | Killed Natasha
  1274 | D:2      | Identified the +9 dagger of Ixkaq {pain, Str+2}
  1331 | D:2      | Reached skill level 5 in Shapeshifting
  1686 | D:3      | Found a runed translucent door.
  1687 | D:3      | Noticed Crazy Yiuf
  1784 | D:3      | Found a broken altar of Ashenzari.
  1807 | D:3      | Reached XP level 5. HP: 29/33 MP: 5/5
  2159 | D:3      | Found a stormy altar of Qazlal.
  2238 | D:3      | Found an ornate altar of the Wu Jian Council.
  2313 | D:3      | Found a white marble altar of Elyvilon.
  2576 | D:3      | Became a worshipper of the Wu Jian Council
  2813 | D:3      | Killed Crazy Yiuf
  2843 | D:4      | Noticed Edmund
  2964 | D:4      | HP: 1/33 [Edmund/+5 flail of protection (5)]
  2973 | D:4      | Mangled by Edmund

Illustrated notes

Levels and vault maps discovered:
D:1:      denvon_arrival_planthouse, layout_rooms
D:2:      layout_loops_ring, basic_altar, dilly_guarded_unrand_morg
D:3:      layout_loops_ring, evilmike_ruin_ashenzari,
          mainiacjoe_overflow_surrounded_room, mainiacjoe_overflow_paths,
          mainiacjoe_overflow_small_starburst, nicolae_figureground_pulse,
          uniq_crazy_yiuf_cottage
D:4:      layout_loops_ring, mainiacjoe_overflow_boulevard, marbit_many_paths,
          uniq_edmund, uniq_duvessa, uniq_grinder

Skill      XL: |  1  2  3  4 |
---------------+-------------+-----
Shapeshifting  | 4 5 |  5.8
Fighting       | |  1.0
Dodging        | |  2.0
Unarmed Combat | |  3.0

Action                     |  1- 3 |  4- 6 || total
---------------------------+-------+-------++-------
  Melee: Unarmed           |    67 |    76 ||   143
         Constrict         |    18 |    15 ||    33
         Tentacles         |    14 |    17 ||    31
         Punch             |     3 |     1 ||     4
    Use: Scroll            |       |     2 ||     2
   Stab: Sleeping          |     6 |     2 ||     8
 Armour: Skin              |    27 |    52 ||    79
  Dodge: Dodged            |    35 |    77 ||   112

Table legend: (Time is in decaauts)
 A = Elapsed time spent in this place.
 B = Non-inter-level travel time spent in this place.
 C = Inter-level travel time spent in this place.
 D = Time resting spent in this place.
 E = Time spent auto-exploring this place.
 F = Levels seen in this place.
 G = Mean time per level.
                   A        B        C        D        E       F      G
               +--------+--------+--------+--------+--------+-----+--------+
         Total |   2971 |   2808 |    163 |    330 |   2004 |   4 |  742.8 |
       Dungeon |   2971 |   2808 |    163 |    330 |   2004 |   4 |  742.8 |
               +--------+--------+--------+--------+--------+-----+--------+

Top non-repeatable levels by time:
     D:3: 1252 daAuts
     D:2: 854 daAuts
     D:1: 817 daAuts
     D:4: 46 daAuts
